 Dungeon Crawl Stone Soup version 0.29.1-15-g9cfb28693d (webtiles) character file.

Game seed: 16640212691001367971

7 javelincjr the Magician (level 1, 0/14 HPs)
             Began as a Demonspawn Hedge Wizard on Apr 7, 2023.
             Slain by a jackal (1 damage)
             ... on level 1 of the Dungeon.
             The game lasted 00:01:28 (337 turns).

javelincjr the Magician (Demonspawn Hedge Wizard)    Turns: 337, Time: 00:01:29

Health: 0/14       AC:  2    Str: 10    XL:     1   Next: 83%
Magic:  1/4        EV: 12    Int: 15    God:
Gold:   12         SH:  0    Dex: 12    Spells: 5/6 levels left

rFire   . . .      SeeInvis .   a - +0 dagger
rCold   . . .      Faith    .   (no shield)
rNeg    . . .      Spirit   .   b - +0 robe
rPois   .          Reflect  .   c - +0 hat
rElec   .          Harm     .   (no cloak)
rCorr   .          Rampage  .   (no gloves)
Will    .....                   (no boots)
Stlth   ++........              (no amulet)
HPRegen 0.04/turn               (no ring)
MPRegen 0.09/turn               (no ring)

@: mighty
A: no striking features
a: no special abilities


You were on level 1 of the Dungeon.
You visited 1 branch of the dungeon, and saw 1 of its levels.

You collected 12 gold pieces.

Inventory:

Hand Weapons
 a - a +0 dagger (weapon)
Armour
 b - a +0 robe (worn)
 c - a +0 hat (worn)
Potions
 d - a potion of magic


   Skills:
 * Level 0.5 Fighting
 + Level 0.1 Armour
 + Level 1.8 Dodging
 - Level 1.7 Stealth
 * Level 3.0 Spellcasting
 + Level 1.1 Conjurations
 + Level 1.1 Summonings
 + Level 1.0 Translocations


You had 5 spell levels left.
You knew the following spells:

 Your Spells              Type           Power      Damage    Failure   Level
a - Magic Dart            Conj           20%        1d4       13%         1

Your spell library contained the following spells:

 Spells                   Type           Power      Damage    Failure   Level
 Call Imp                 Summ           5%         N/A       19%         2
 Slow                     Hex            8%         N/A       21%         1
 Blink                    Tloc           10%        N/A       21%         2
 Conjure Flame            Conj/Fire      3%         6-21      43%         3
 Mephitic Cloud           Conj/Pois/Air  3%         N/A       45%         3


Dungeon Overview and Level Annotations

Branches:
Dungeon (1/15)

Altars:


Message History

Press: ? - help, Shift-Dir - straight line, f/p - dart slug
Aim: a dart slug (almost dead, 100% to hit)
The magic dart hits the jackal but does no damage.
The jackal bites you.
You hit the jackal.
The jackal is lightly wounded.
The jackal bites you. The jackal closely misses you.
You hit the jackal but do no damage.
The jackal is lightly wounded.
The jackal bites you.
* * * LOW HITPOINT WARNING * * *
You hit the jackal.
The jackal is heavily wounded.
The jackal misses you. x2
You hit the jackal but do no damage.
The jackal is heavily wounded.
The jackal closely misses you.
You hit the jackal.
The jackal is severely wounded.
The jackal closely misses you.
Your magical contamination has completely faded away.
You closely miss the jackal.
The jackal is severely wounded.
The jackal bites you but does no damage. x2
You hit the jackal but do no damage.
The jackal is severely wounded.
The jackal closely misses you.
You closely miss the jackal.
The jackal is severely wounded.
The jackal bites you.
* * * LOW HITPOINT WARNING * * *
The jackal bites you but does no damage.
You closely miss the jackal.
The jackal is heavily wounded.
The jackal bites you.
* * * LOW HITPOINT WARNING * * *
It was a potion of might.
You feel very mighty all of a sudden. The jackal bites you.
You die...

#.....>.........
###).#.##.........
.....w..†.......h
#.##.....##.....
#(..............
#.##h...........
#hw.........####
#h##........#.....
#@##........#....
#.##........#...
#.......##..#..#
#.##........#..##
#.##........#...##
#.###.......#.....
### #.......'....8
#.......#.....
#.......#...##


You could see a dart slug and 2 jackals.

Vanquished Creatures
  A dart slug (D:1)
  A jackal (D:1)
  A ball python (D:1)
  A bat (D:1)
  2 frilled lizards (D:1)
6 creatures vanquished.

Notes
Turn   | Place    | Note
-------+----------+-------------------------------------------
     0 | D:1      | javelincjr the Demonspawn Hedge Wizard began the quest for
                  | the Orb.
     0 | D:1      | Reached XP level 1. HP: 13/13 MP: 4/4
   269 | D:1      | Reached skill level 1 in Translocations
   337 | D:1      | Slain by a jackal

Illustrated notes

Levels and vault maps discovered:
D:1:      erik_arrival_cave_to_civilisation [erik_arrival_cave_to_hall],
          layout_basic, serial_curves, eino_curves_03, eino_curves_03, hex_large

Skill      XL: |  1 |
---------------+----+-----
Translocations | 1 |  1.0
Fighting       | |  0.5
Armour         | |  0.1
Dodging        | |  1.8
Stealth        | |  1.7
Spellcasting   | |  3.0
Conjurations   | |  1.1
Summonings     | |  1.1

Action                   || total
-------------------------++-------
Melee: Dagger            ||    33
       Punch             ||     1
 Cast: Magic Dart        ||    12
  Use: Potion            ||     1
Armor: Robe              ||    12
Dodge: Dodged            ||    30
